 Dungeon Crawl Stone Soup version 0.30-a0-219-gf2db51d15e (webtiles) character file.

Game seed: 4152492292040176352

86 tombik the Trooper (level 4, 0/38 HPs)
             Began as a Demonspawn Berserker on Oct 7, 2022.
             Was a Believer of Trog.
             Slain by a goblin
             ... wielding a +0 club
             ... led by Robin
              (3 damage)
             ... on level 2 of the Dungeon.
             The game lasted 00:06:20 (1740 turns).

tombik the Trooper (Demonspawn Berserker)           Turns: 1740, Time: 00:06:29

Health: 0/38       AC:  6    Str: 19    XL:     4   Next: 27%
Magic:  4/4        EV: 11    Int:  9    God:    Trog [**....]
Gold:   126        SH:  0    Dex: 12    Spells: 3/3 levels left

rFire   . . .      SeeInvis .    a - +0 hand axe (elec)
rCold   . . .      Faith    .    (no shield)
rNeg    . . .      Spirit   .    g - +0 ring mail
rPois   .          Reflect  .    (no helmet)
rElec   .          Harm     .    (no cloak)
rCorr   .          Rampage  .    (no gloves)
Will    .....                    (no boots)
Stlth   +.........               (no amulet)
HPRegen 0.26/turn                (no ring)
MPRegen 0.18/turn                (no ring)

@: lethally poisoned (0 -> -9), on berserk cooldown
A: rugged brown scales 1, magic regeneration
a: Renounce Religion, Berserk, Trog's Hand


You were on level 2 of the Dungeon.
You worshipped Trog.
Trog was pleased with you.
You visited 1 branch of the dungeon, and saw 2 of its levels.

You collected 126 gold pieces.

Inventory:

Hand Weapons
 a - a +0 hand axe of electrocution (weapon)
Armour
 f - the +0 robe of Action {Slay+3}
   (You found it on level 2 of the Dungeon)

   Slay:      It affects your accuracy & damage with ranged weapons and melee
   (+3).
 g - a +0 ring mail (worn)
Wands
 b - a wand of flame (11)
Potions
 d - a potion of heal wounds {unknown}
 e - 2 potions of haste


   Skills:
 + Level 3.8 Fighting
 + Level 3.5 Axes
 + Level 2.1 Armour
 + Level 2.1 Dodging
 + Level 0.6 Stealth


You had 3 spell levels left.
You didn't know any spells.
Your spell library contained the following spells:

 Spells                   Type           Power      Damage    Failure   Level
 Sting                    Tmut/Pois      0%         1d3       56%         1
 Ozocubu's Armour         Ice            0%         N/A       90%         3
 Flame Wave               Conj/Fire      0%         2d4       100%        4
 Sticky Flame             Conj/Fire      0%         2d3       100%        4
 Statue Form              Tmut/Erth      0%         N/A       100%        6
 Ozocubu's Refrigeration  Ice            0%         4d7       100%        7


Dungeon Overview and Level Annotations

Branches:
Dungeon (2/15)

Altars:

Annotations:
D:2 Robin


Innate Abilities, Weirdness & Mutations

You are partially covered in rugged brown scales. (AC +1, +3% HP)
You regenerate magic rapidly.


Message History

You slash the goblin!
You kill the goblin!
Trog accepts your kill.
You hit the hobgoblin.
Lightning courses through the hobgoblin!!
You kill the hobgoblin!
Trog accepts your kill.
The goblin no longer looks unusually strong.
The hobgoblin no longer looks unusually strong.
The goblin no longer looks unusually strong.
Robin throws the goblin at you! The goblin closely misses you.
The goblin hits you with a +2 dagger of venom.
You are poisoned.
The goblin barely misses you.
Robin roars a battlecry!
The goblins go into a battle-frenzy!
You hit the goblin but do no damage. You hit the goblin.
Lightning courses through the goblin!
You kill the goblin!
Trog accepts your kill.
You feel sick. The goblin hits you but does no damage.
Robin throws the goblin at you!
The goblin hits you with a +2 dagger of venom!
You are more poisoned.
The goblin hits you but does no damage.
You hit the goblin. Lightning courses through the goblin!
You kill the goblin!
Trog accepts your kill.
You closely miss the goblin.
Your skin stops crawling.
You feel less strong-willed.
* * * LOW HITPOINT WARNING * * *
You feel extremely sick. The goblin closely misses you.
It was a potion of berserk rage.
You're still recovering from your berserk rage.
You feel yourself speed up.
* * * LOW HITPOINT WARNING * * *
You feel very sick. The goblin hits you with a +0 club.
You die...

..# #...##...# ..#
##..##).)# ..#
#..##...#
..#####...#...##
..'............# .#
..######..>....###
.# ### #.#.......#
.# .# #.#.#####g#
.## .# #.#.# #@# ..
## .# #.#.# #g#
[#..##. .#
#...#####g##†#.....
.# .........gg....#
.#
..........).†##....
.#
...........#......
.#
....g.....#.#.....
.#
..........#[.#....
.#
..!......#....#$)#


You could see Robin, 2 hobgoblins and 2 goblins.

Vanquished Creatures
  Terence (D:2)
  A gnoll (D:1)
  An adder (D:2)
  A worm (D:2)
  A dart slug (D:1)
  4 endoplasms
  A giant cockroach (D:2)
  10 goblins
  4 hobgoblins (D:2)
  3 kobolds
  2 ball pythons
  2 bats (D:2)
  4 frilled lizards
  5 rats
40 creatures vanquished.

Vanquished Creatures (others)
  A plant (D:1)
1 creature vanquished.

Grand Total: 41 creatures vanquished

Notes
Turn   | Place    | Note
-------+----------+-------------------------------------------
     0 | D:1      | tombik the Demonspawn Berserker began the quest for the
                  | Orb.
     0 | D:1      | Reached XP level 1. HP: 18/18 MP: 1/1
    22 | D:1      | Found a faded altar of an unknown god.
   103 | D:1      | Gained mutation: You regenerate magic rapidly. [demonic
                  | ancestry]
   103 | D:1      | Reached XP level 2. HP: 8/24 MP: 2/2
   566 | D:1      | Got Cuschaehu's Folio of Absence
  1196 | D:2      | Reached XP level 3. HP: 27/29 MP: 3/3
  1295 | D:2      | Noticed Terence
  1310 | D:2      | Killed Terence
  1456 | D:2      | Identified the +0 robe of Action {Slay+3}
  1462 | D:2      | Gained mutation: You are partially covered in rugged brown
                  | scales. (AC +1, +3% HP) [demonic ancestry]
  1462 | D:2      | Reached XP level 4. HP: 29/38 MP: 4/4
  1721 | D:2      | Noticed Robin
  1730 | D:2      | Reached ** piety under Trog
  1740 | D:2      | Slain by a goblin

Illustrated notes

Levels and vault maps discovered:
D:1:      scummos_arrival_simple_crosswalls, layout_loops_corners,
          ebering_ecumenical_altar_ruins, chequers_big_river
D:2:      layout_basic, minmay_circled_x, uniq_robin, uniq_terence

Skill      XL: |  1  2  3 |
---------------+----------+-----
Axes           | 3 |  3.5
Dodging        | 2 |  2.1
Armour         | 2 |  2.1
Fighting       | |  3.8
Stealth        | |  0.6

Action                   |  1- 3 |  4- 6 || total
-------------------------+-------+-------++-------
Melee: Hand axe          |    65 |    29 ||    94
       Punch             |     1 |       ||     1
Invok: Berserk           |     2 |     1 ||     3
       Trog's Hand       |       |     1 ||     1
  Use: Scroll            |     4 |       ||     4
       Potion            |       |     1 ||     1
 Stab: Sleeping          |     2 |       ||     2
Armor: Animal skin       |     4 |       ||     4
       Ring mail         |     5 |    16 ||    21
Dodge: Dodged            |    27 |    27 ||    54

Table legend: (Time is in decaauts)
 A = Elapsed time spent in this place.
 B = Non-inter-level travel time spent in this place.
 C = Inter-level travel time spent in this place.
 D = Time resting spent in this place.
 E = Time spent auto-exploring this place.
 F = Levels seen in this place.
 G = Mean time per level.
                   A        B        C        D        E       F      G
               +--------+--------+--------+--------+--------+-----+--------+
         Total |   1784 |   1747 |     37 |      3 |   1426 |   2 |  892.0 |
       Dungeon |   1784 |   1747 |     37 |      3 |   1426 |   2 |  892.0 |
               +--------+--------+--------+--------+--------+-----+--------+

Top non-repeatable levels by time:
     D:1: 1203 daAuts
     D:2: 580 daAuts
